 Dungeon Crawl Stone Soup version 0.29.0-4-gdea44cf6ec (webtiles) character file.

Game seed: 9118012472162375039

6858 qw the Cleaver (level 11, -3/69 HPs)
             Began as a Gargoyle Delver on Sept 10, 2022.
             Was an Elder of Okawaru.
             Killed from afar by a rime drake (11 damage)
             ... with a flash freeze
             ... on level 2 of the Lair of Beasts.
             The game lasted 00:03:24 (8297 turns).

qw the Cleaver (Gargoyle Delver)                    Turns: 8297, Time: 00:03:25

Health: -3/69      AC: 32    Str: 25    XL:     11   Next: 6%
Magic:  12/14      EV: 10    Int: 12    God:    Okawaru [****..]
Gold:   1515       SH:  6    Dex: 11    Spells: 10/10 levels left

rFire   . . .      SeeInvis .   h - +2 war axe
rCold   . . .      Faith    .   d - +0 buckler
rNeg    + . .      Spirit   .   s - +0 plate armour
rPois   inf        Reflect  .   (no helmet)
rElec   +          Harm     .   j - +0 cloak
rCorr   .          Rampage  .   o - +0 pair of gloves
Will    .....                   c - +0 pair of boots
Stlth   ..........              e - amulet of regeneration
HPRegen 1.01/turn               i - +6 ring of strength
MPRegen 0.14/turn               q - +4 ring of protection

@: about to teleport, heroic
A: sickness immunity, AC +8, negative energy resistance 1, electricity
resistance, torment resistance 1, petrification resistance
a: Renounce Religion, Heroism, Finesse


You were on level 2 of the Lair of Beasts.
You worshipped Okawaru.
Okawaru was greatly pleased with you.
You visited 2 branches of the dungeon, and saw 10 of its levels.

You collected 1515 gold pieces.


Innate Abilities, Weirdness & Mutations

You are immune to sickness and miasma.
Your stone body is resilient. (AC +8)
You are immune to poison.
You resist negative energy. (rN+)
You are resistant to electric shocks. (rElec)
You are resistant to unholy torment.
You are immune to petrification.


   Skills:
 - Level 8.4(13.4) Fighting
 + Level 10.0(15.0) Axes
 - Level 3.1(8.1) Throwing
 - Level 7.2(12.2) Armour
 - Level 3.1(8.1) Dodging
 - Level 5.4(10.4) Stealth
 - Level 5.3(10.3) Shields
 + Level 4.2 Invocations


You had 10 spell levels left.
You didn't know any spells.
Your spell library was empty.

Inventory:

Hand Weapons
 h - a +2 war axe (weapon)
 l - a +0 flail
Missiles
 t - 10 boomerangs
 u - 2 silver boomerangs (quivered)
 v - a silver javelin
Armour
 c - a +0 pair of boots (worn)
 d - a +0 buckler (worn)
 j - a +0 cloak (worn)
 o - a +0 pair of gloves (worn)
 s - a +0 plate armour (worn)
 w - a +1 cloak of poison resistance
Jewellery
 e - an amulet of regeneration (around neck)
 i - a +6 ring of strength (left hand)
 q - a +4 ring of protection (right hand)
Wands
 g - a wand of digging (5)
Scrolls
 r - 3 scrolls of identify
Potions
 a - 4 potions of curing
 b - 3 potions of heal wounds
 f - 4 potions of haste
 k - a potion of magic
 m - a potion of might
 n - 3 potions of cancellation
 p - a potion of resistance
 x - 2 potions of mutation {unknown}
 z - a potion of berserk rage {unknown}

Dungeon Overview and Level Annotations

Branches:
Dungeon (8/15)             Temple (0/1) D:7            Lair (2/5) D:8
  Swamp (0/4) Lair:2
  Snake: Lair:2-3    Spider: Lair:2-3

Altars:
Kikubaaqudgha
Makhleb
Nemelex Xobeh
Okawaru

Shops:
D:1 (   D:7 :

Annotations:
Lair:1 3 runed translucent doors, qw's ghost, journeyman MiBe


Message History

You slice the lindwurm!!
The lindwurm is severely wounded.
You hear a roar!
The lindwurm breathes flames at you. The blast of flame hits you!
You slice the lindwurm!!
You kill the lindwurm!
Okawaru is honoured by your kill.
You can now speed up your combat.
Your base Dodging skill gained 2 levels and is now at level 3!
You have reached level 11!
A lindwurm comes into view.
The lindwurm roars!
You hear an angry hiss.
The lindwurm breathes flames at you. The blast of flame hits you!!
The lindwurm breathes flames at you.
The blast of flame hits you but does no damage.
Things that are here:
a lindwurm corpse; a bullfrog corpse The lindwurm bites you but does no damage.
The lindwurm claws you but does no damage. x2
A rime drake comes into view.
You hit the lindwurm.
The lindwurm is lightly wounded.
The lindwurm breathes flames at you. The blast of flame hits you!
You slash the lindwurm!
The lindwurm is moderately wounded.
The lindwurm closely misses you.
The lindwurm claws you but does no damage.
The lindwurm claws you.
You hit the lindwurm but do no damage.
The lindwurm is lightly wounded.
The lindwurm breathes flames at you. The blast of flame hits you!
8297 ||| READING scroll of teleportation.
As you read the scroll of teleportation, it crumbles to dust.
You feel strangely unstable. The rime drake breathes ice at you.
The flash freeze hits you!
You die...

.........## ..######..........#
##~ ~~.#P.........## ......#.
......#.## .k....# .....#...#
k#..$ ...#P#..## #~..## .#.#
#...# #~k.~# . ##.### ##@.~#
####..P## #~%.## #.#.....##
##..ยค# ##.......#
#~...#####.......## ##### ###
##...##P#.........#
P.#.####^######..#.##.<........##
....#..#..##...................#
...............................#
......#######.##.##............#


You could see 2 lindwurms and a rime drake (catching breath).

Vanquished Creatures
  Nergalle (Lair:2)
  A lindwurm (Lair:2)
  2 black mambas
  A cane toad (Lair:1)
  4 komodo dragons
  Prince Ribbit (D:6)
  A wyvern (D:7)
  Eustachio (D:4)
  3 wargs (D:8)
  4 water moccasins
  An ice beast (D:4)
  A black bear (D:7)
  2 sky beasts (D:6)
  4 ogres
  A centaur (D:8)
  A kobold brigand (D:8)
  8 bullfrogs
  A gnoll sergeant (D:8)
  2 scorpions
  7 wights (D:7)
  3 hounds (D:5)
  2 orc priests
  3 jellies
  3 iguanas (D:5)
  Natasha (twice) (D:2)
  5 orc wizards
  9 adders
  8 gnolls (D:8)
  A shadow imp (D:5)
  An ufetubus (D:4)
  6 worms
  3 dart slugs
  26 orcs
  6 bats
  7 endoplasms
  2 giant cockroaches
  10 goblins
  7 hobgoblins
  6 jackals
  13 kobolds
  4 quokkas
  6 ball pythons
  A frilled lizard (D:1)
  3 rats
184 creatures vanquished.

Vanquished Creatures (others)
  2 fungi
  3 plants
5 creatures vanquished.

Grand Total: 189 creatures vanquished

Notes
Turn   | Place    | Note
-------+----------+-------------------------------------------
     0 | D:5      | qw the Gargoyle Delver began the quest for the Orb.
     0 | D:5      | Reached XP level 1. HP: 14/14 MP: 1/1
     0 | D:5      | 0 ||| qw: Version: 0.1-a-116-g5d60599
     0 | D:5      | 0 ||| qw: Game counter: 9386
     0 | D:5      | 0 ||| qw: Always use a shield: true
     0 | D:5      | 0 ||| qw: God list: Okawaru
     0 | D:5      | 0 ||| qw: Allow faded altars: false
     0 | D:5      | 0 ||| qw: Do Orc after D:15 true
     0 | D:5      | 0 ||| qw: Do second Lair branch before Depths: true
     0 | D:5      | 0 ||| qw: Lair rune preference: random
     0 | D:5      | 0 ||| qw: Plans: Normal
     0 | D:5      | 0 ||| PLANNING D:1-11
    31 | D:5      | Reached skill level 2 in Axes
    33 | D:5      | 33 ||| Stepping ~*~*~tactically~*~*~ (stealth).
    34 | D:5      | 34 ||| Stepping ~*~*~tactically~*~*~ (stealth).
    36 | D:5      | 36 ||| Stepping ~*~*~tactically~*~*~ (stealth).
    55 | D:5      | Reached XP level 2. HP: 12/19 MP: 2/2
   166 | D:5      | Identified the +7 trident of the Doomed Warrior {flame, rC+
                  | rN++ Dex+2}
   195 | D:5      | 195 ||| UPGRADING to +0 scale mail.
   205 | D:5      | 205 ||| DROPPING +0 leather armour.
   206 | D:5      | 206 ||| DROPPING scroll of fog.
   207 | D:5      | 207 ||| DROPPING scroll of magic mapping.
   208 | D:5      | 208 ||| DROPPING scroll of fear.
   218 | D:4      | Noticed a scorpion
   221 | D:4      | 221 ||| Stepping ~*~*~tactically~*~*~ (stealth).
   226 | D:4      | Killed a scorpion
   227 | D:4      | Reached skill level 3 in Axes
   227 | D:4      | Reached XP level 3. HP: 18/23 MP: 3/3
   227 | D:4      | Reached XP level 4. HP: 22/28 MP: 4/4
   447 | D:4      | 447 ||| DRINKING 2 brown potions.
   476 | D:2      | Found a sparkling altar of Nemelex Xobeh.
   489 | D:2      | 489 ||| DROPPING +0 club.
   529 | D:2      | You fall into a shaft and drop 1 floor!
   553 | D:3      | Reached skill level 1 in Armour
   635 | D:3      | 635 ||| UPGRADING to +0 buckler.
   640 | D:3      | 640 ||| READING scroll labelled FUGEIM KUREN.
   687 | D:2      | Noticed Natasha
   700 | D:2      | Killed Natasha
   701 | D:2      | Reached skill level 1 in Shields
   863 | D:2      | Reached skill level 4 in Axes
   863 | D:2      | Reached XP level 5. HP: 32/32 MP: 5/5
   900 | D:2      | 900 ||| DROPPING +0 whip.
   967 | D:2      | 967 ||| UPGRADING to +6 ring of strength.
   968 | D:2      | 968 ||| READING scroll labelled XEMI UBLUAQOETH.
  1024 | D:1      | 1024 ||| Stepping ~*~*~tactically~*~*~ (stealth).
  1027 | D:1      | 1027 ||| Stepping ~*~*~tactically~*~*~ (stealth).
  1061 | D:1      | 1061 ||| Stepping ~*~*~tactically~*~*~ (hiding).
  1083 | D:1      | Found Umyclis's Weapon Boutique.
  1117 | D:1      | 1117 ||| Stepping ~*~*~tactically~*~*~ (stealth).
  1147 | D:1      | 1147 ||| Stepping ~*~*~tactically~*~*~ (stealth).
  1189 | D:1      | Found a faded altar of an unknown god.
  1478 | D:1      | 1478 ||| Stepping ~*~*~tactically~*~*~ (stealth).
  1482 | D:1      | 1482 ||| Stepping ~*~*~tactically~*~*~ (stealth).
  1658 | D:1      | 1658 ||| DROPPING ring of ice.
  1659 | D:1      | 1659 ||| UPGRADING to +4 ring of protection.
  1660 | D:1      | 1660 ||| READING scroll labelled NETUGUOSSA.
  1661 | D:1      | 1661 ||| DRINKING 2 purple potions.
  1662 | D:1      | 1662 ||| DRINKING 2 fizzy green potions.
  1707 | D:1      | 1707 ||| DRINKING 2 viscous clear potions.
  1708 | D:1      | 1708 ||| DROPPING potion of brilliance.
  1709 | D:1      | 1709 ||| DROPPING potion of lignification.
  1902 | D:2      | Noticed Natasha
  1903 | D:2      | 1903 ||| Stepping ~*~*~tactically~*~*~ (stealth).
  1924 | D:2      | 1924 ||| Stepping ~*~*~tactically~*~*~ (stealth).
  1937 | D:2      | Killed Natasha
  2129 | D:2      | Reached XP level 6. HP: 33/37 MP: 6/6
  2166 | D:2      | 2166 ||| UPGRADING to +0 pair of gloves.
  2171 | D:2      | 2171 ||| UPGRADING to amulet of regeneration.
  2176 | D:2      | 2176 ||| READING scroll labelled LARRAWI GYULIZ.
  2177 | D:2      | 2177 ||| READING scroll labelled VOMUAGREZAICY.
  2181 | D:2      | 2181 ||| DRINKING 2 fizzy emerald potions.
  2182 | D:2      | 2182 ||| DROPPING potion of flight.
  2292 | D:3      | Reached skill level 5 in Axes
  2313 | D:3      | 2313 ||| Stepping ~*~*~tactically~*~*~ (stealth).
  2325 | D:3      | 2325 ||| READING scroll labelled JATHRES MEDAIKO.
  2326 | D:3      | 2326 ||| Stepping randomly (stuck).
  2327 | D:3      | 2327 ||| Stepping ~*~*~tactically~*~*~ (stealth).
  2330 | D:3      | 2330 ||| Stepping randomly (stuck).
  2330 | D:3      | Found an ancient bone altar of Kikubaaqudgha.
  2331 | D:3      | 2331 ||| Stepping randomly (stuck).
  2332 | D:3      | 2332 ||| Stepping randomly (stuck).
  2333 | D:3      | 2333 ||| Stepping randomly (stuck).
  2334 | D:3      | 2334 ||| Stepping randomly (stuck).
  2335 | D:3      | 2335 ||| Stepping randomly (stuck).
  2336 | D:3      | 2336 ||| Stepping randomly (stuck).
  2337 | D:3      | 2337 ||| Stepping randomly (stuck).
  2533 | D:3      | 2533 ||| DRINKING 2 coppery potions.
  2564 | D:4      | Noticed an ice beast
  2576 | D:4      | Killed an ice beast
  2641 | D:4      | 2641 ||| Stepping ~*~*~tactically~*~*~ (hiding).
  2743 | D:4      | 2743 ||| Stepping ~*~*~tactically~*~*~ (hiding).
  2845 | D:4      | 2845 ||| Stepping ~*~*~tactically~*~*~ (hiding).
  2863 | D:4      | Reached skill level 1 in Throwing
  3036 | D:4      | Found a burning altar of Makhleb.
  3051 | D:4      | Found an iron altar of Okawaru.
  3101 | D:4      | Noticed Eustachio
  3145 | D:4      | Killed Eustachio
  3146 | D:4      | Reached XP level 7. HP: 31/44 MP: 7/7
  3195 | D:4      | 3195 ||| UPGRADING to +0 plate armour.
  3205 | D:4      | 3205 ||| DROPPING +0 scale mail.
  3206 | D:4      | 3206 ||| READING scroll labelled LITIPE UNNOI.
  3207 | D:4      | 3207 ||| DRINKING 2 cyan potions.
  3208 | D:4      | 3208 ||| READING 3 scrolls of identify.
  3208 | D:4      | 3208 ||| IDENTIFYING glowing grey potion
  3209 | D:4      | 3209 ||| READING 2 scrolls of identify.
  3209 | D:4      | 3209 ||| IDENTIFYING yellow potion
  3210 | D:4      | 3210 ||| DROPPING potion of magic.
  3211 | D:4      | 3211 ||| DROPPING potion of ambrosia.
  3236 | D:4      | Became a worshipper of Warmaster Okawaru
  3264 | D:5      | 3264 ||| RIP SEWER
  3271 | D:5      | 3271 ||| Stepping ~*~*~tactically~*~*~ (stealth).
  3272 | D:5      | 3272 ||| Stepping ~*~*~tactically~*~*~ (hiding).
  3273 | D:5      | 3273 ||| Stepping ~*~*~tactically~*~*~ (hiding).
  3377 | D:5      | Reached skill level 3 in Armour
  3397 | D:5      | 3397 ||| READING scroll of enchant weapon.
  3397 | D:5      | 3397 ||| ENCHANTING +1 hand axe.
  3444 | D:5      | Reached skill level 6 in Axes
  3511 | D:5      | 3511 ||| Stepping ~*~*~tactically~*~*~ (stealth).
  3537 | D:5      | Reached * piety under Okawaru
  3675 | D:5      | Reached XP level 8. HP: 48/48 MP: 8/8
  3684 | D:5      | 3684 ||| Stepping ~*~*~tactically~*~*~ (stealth).
  3723 | D:5      | 3723 ||| Stepping ~*~*~tactically~*~*~ (stealth).
  3737 | D:5      | Reached skill level 1 in Invocations
  3936 | D:5      | 3936 ||| INVOKING Heroism.
  3939 | D:5      | Reached skill level 3 in Shields
  4202 | D:5      | 4202 ||| Stepping ~*~*~tactically~*~*~ (stealth).
  4203 | D:5      | 4203 ||| Stepping ~*~*~tactically~*~*~ (stealth).
  4315 | D:5      | 4315 ||| UPGRADING to +0 cloak.
  4320 | D:5      | 4320 ||| READING scroll labelled KATURO WAUM.
  4320 | D:5      | Identified a scroll of acquirement
  4320 | D:5      | 4320 ||| ACQUIRING 789 gold pieces
  4320 | D:5      | Acquired 789 gold pieces
  4322 | D:5      | 4322 ||| READING scroll labelled CICERUPYST.
  4504 | D:6      | Reached skill level 3 in Invocations
  4520 | D:6      | Noticed Prince Ribbit
  4523 | D:6      | 4523 ||| INVOKING Heroism.
  4538 | D:6      | Killed Prince Ribbit
  4625 | D:6      | 4625 ||| INVOKING Heroism.
  4685 | D:6      | 4685 ||| INVOKING Heroism.
  4688 | D:6      | Reached skill level 7 in Axes
  4782 | D:6      | 4782 ||| SWAPPING to +0 war axe.
  4787 | D:6      | Reached XP level 9. HP: 52/53 MP: 12/12
  4788 | D:6      | 4788 ||| DROPPING +2 hand axe.
  5086 | D:6      | 5086 ||| INVOKING Heroism.
  5179 | D:6      | 5179 ||| READING scroll labelled ASHRUO RUNYCH.
  5180 | D:6      | 5180 ||| DRINKING 2 fizzy orange potions.
  5203 | D:7      | 5203 ||| Stepping ~*~*~tactically~*~*~ (hiding).
  5207 | D:7      | 5207 ||| INVOKING Heroism.
  5216 | D:7      | Reached ** piety under Okawaru
  5318 | D:7      | Reached skill level 8 in Axes
  5322 | D:7      | 5322 ||| SWAPPING to +2 war axe.
  5326 | D:7      | 5326 ||| DROPPING +0 war axe.
  5349 | D:7      | Found a staircase to the Ecumenical Temple.
  5383 | D:7      | 5383 ||| INVOKING Heroism.
  5436 | D:7      | Reached skill level 6 in Fighting
  5436 | D:7      | 5436 ||| INVOKING Heroism.
  5486 | D:7      | 5486 ||| INVOKING Heroism.
  5530 | D:7      | Found Losib's Vocational Training.
  5684 | D:7      | 5684 ||| UPGRADING to +0 pair of boots.
  5833 | D:8      | 5833 ||| Stepping ~*~*~tactically~*~*~ (hiding).
  5834 | D:8      | 5834 ||| Stepping ~*~*~tactically~*~*~ (hiding).
  5977 | D:8      | 5977 ||| INVOKING Heroism.
  5998 | D:8      | 5998 ||| Stepping ~*~*~tactically~*~*~ (stealth).
  5999 | D:8      | 5999 ||| Stepping ~*~*~tactically~*~*~ (stealth).
  6014 | D:8      | 6014 ||| Stepping ~*~*~tactically~*~*~ (stealth).
  6023 | D:8      | 6023 ||| INVOKING Heroism.
  6063 | D:8      | 6063 ||| Stepping ~*~*~tactically~*~*~ (stealth).
  6067 | D:8      | 6067 ||| Stepping ~*~*~tactically~*~*~ (stealth).
  6078 | D:8      | 6078 ||| Stepping ~*~*~tactically~*~*~ (stealth).
  6082 | D:8      | 6082 ||| Stepping ~*~*~tactically~*~*~ (stealth).
  6186 | D:8      | 6186 ||| Stepping ~*~*~tactically~*~*~ (stealth).
  6200 | D:8      | Reached skill level 9 in Axes
  6249 | D:8      | 6249 ||| FLEEEEING.
  6250 | D:8      | 6250 ||| FLEEEEING.
  6251 | D:8      | 6251 ||| FLEEEEING.
  6252 | D:8      | 6252 ||| FLEEEEING.
  6261 | D:8      | 6261 ||| FLEEEEING.
  6262 | D:8      | 6262 ||| FLEEEEING.
  6263 | D:8      | 6263 ||| FLEEEEING.
  6264 | D:8      | 6264 ||| FLEEEEING.
  6266 | D:8      | 6266 ||| FLEEEEING.
  6267 | D:8      | 6267 ||| FLEEEEING.
  6268 | D:8      | 6268 ||| FLEEEEING.
  6270 | D:8      | 6270 ||| FLEEEEING.
  6271 | D:8      | 6271 ||| FLEEEEING.
  6272 | D:8      | 6272 ||| FLEEEEING.
  6273 | D:8      | 6273 ||| FLEEEEING.
  6294 | D:8      | 6294 ||| Stepping ~*~*~tactically~*~*~ (hiding).
  6295 | D:8      | 6295 ||| Stepping ~*~*~tactically~*~*~ (hiding).
  6301 | D:8      | Reached skill level 3 in Throwing
  6767 | D:8      | 6767 ||| INVOKING Heroism.
  6769 | D:8      | 6769 ||| Stepping ~*~*~tactically~*~*~ (hiding).
  6810 | D:8      | Found a staircase to the Lair.
  6820 | D:8      | 6820 ||| INVOKING Heroism.
  6824 | D:8      | Reached skill level 6 in Armour
  6824 | D:8      | Reached XP level 10. HP: 45/60 MP: 10/13
  6951 | D:8      | 6951 ||| DRINKING 5 potions of curing.
  6951 | D:8      | 6951 ||| (to cure confusion)
  7082 | D:8      | 7082 ||| PLANNING LAIR
  7133 | Lair:1   | Entered Level 1 of the Lair of Beasts
  7168 | Lair:1   | 7168 ||| INVOKING Heroism.
  7173 | Lair:1   | Reached *** piety under Okawaru
  7220 | Lair:1   | 7220 ||| INVOKING Heroism.
  7267 | Lair:1   | Found a runed translucent gate.
  7268 | Lair:1   | Found a runed translucent gate.
  7268 | Lair:1   | Found a runed translucent gate.
  7269 | Lair:1   | Noticed a cane toad
  7270 | Lair:1   | Noticed qw's ghost (journeyman MiBe)
  7285 | Lair:1   | Noticed a cane toad
  7286 | Lair:1   | 7286 ||| READING scroll of teleportation.
  7304 | Lair:1   | 7304 ||| Stepping ~*~*~tactically~*~*~ (stealth).
  7306 | Lair:1   | 7306 ||| INVOKING Heroism.
  7313 | Lair:1   | Killed a cane toad
  7339 | Lair:1   | 7339 ||| INVOKING Heroism.
  7368 | Lair:1   | Noticed a black mamba
  7369 | Lair:1   | 7369 ||| INVOKING Heroism.
  7373 | Lair:1   | Killed a black mamba
  7374 | Lair:1   | Reached skill level 10 in Axes
  7862 | Lair:2   | Noticed a black mamba
  7863 | Lair:2   | 7863 ||| INVOKING Heroism.
  7867 | Lair:2   | Killed a black mamba
  7867 | Lair:2   | Received a gift from Okawaru
  7963 | Lair:2   | Found a staircase to the Swamp.
  7967 | Lair:2   | Noticed Nergalle
  7968 | Lair:2   | 7968 ||| INVOKING Heroism.
  7991 | Lair:2   | Killed Nergalle
  8091 | Lair:2   | 8091 ||| INVOKING Heroism.
  8285 | Lair:2   | Noticed a lindwurm
  8286 | Lair:2   | 8286 ||| INVOKING Heroism.
  8288 | Lair:2   | Noticed a lindwurm
  8291 | Lair:2   | Killed a lindwurm
  8291 | Lair:2   | Reached **** piety under Okawaru
  8292 | Lair:2   | Reached skill level 3 in Dodging
  8292 | Lair:2   | Reached XP level 11. HP: 56/69 MP: 11/14
  8292 | Lair:2   | Noticed a lindwurm
  8296 | Lair:2   | HP: 7/69 [lindwurm/blast of flame (12)]
  8297 | Lair:2   | 8297 ||| READING scroll of teleportation.
  8297 | Lair:2   | Killed from afar by a rime drake

Levels and vault maps discovered:
D:1:      roderic_dead_forest, layout_basic, basic_ecumenical_altar,
          serial_shops, nicolae_shop_stone
D:2:      layout_basic, basic_altar, kennysheep_generic_room_4, uniq_natasha
D:3:      layout_rooms, mainiacjoe_overflow_cross_hatched
D:4:      layout_rooms, mainiacjoe_overflow_large_starburst, uniq_eustachio
D:5:      layout_basic, lightli_sewer_entry_pipes, grunt_ministairs_5
D:6:      nicolae_cairo_tiling_very_big, layout_gridville, minmay_holes,
          uniq_prince_ribbit1
D:7:      layout_rooms, minmay_temple_entry_tees, nicolae_shop_vocational
D:8:      layout_basic, erik_lair_orcish_takeover, patterned_corridor
Lair:1:   layout_misc_corridors, gammafunk_ghost_split
Lair:2:   nzn_winding_woodlands_three_and_one
          [nzn_winding_woodlands_5x15_lazy_stream,
          nzn_winding_woodlands_5x15_sawtooth,
          nzn_winding_woodlands_5x15_pathside_ponds,
          nzn_winding_woodlands_center_garden], layout_cave_pods,
          swamp_mist_pool, nicolae_lair_lindhole, uniq_nergalle

Skill      XL: |  1  2  3  4  5  6  7  8  9 10 |
---------------+-------------------------------+-----
Axes           | 2 3 4 5 6 7 9 10 | 10.0
Armour         | 1 3 4 6 7 |  7.2
Shields        | 1 2 3 5 |  5.3
Fighting       | 4 6 8 |  8.4
Throwing       | 1 2 3 |  3.1
Invocations    | 4 |  4.2
Dodging        | 3 |  3.1
Stealth        | |  5.4

Action                   |  1- 3 |  4- 6 |  7- 9 | 10-12 || total
-------------------------+-------+-------+-------+-------++-------
Melee: Hand axe          |    20 |   249 |   171 |       ||   440
       War axe           |       |       |   145 |    88 ||   233
Throw: Javelin           |     6 |    10 |    52 |    16 ||    84
       Boomerang         |       |    89 |     3 |     3 ||    95
Invok: Heroism           |       |       |    13 |     9 ||    22
  Use: Potion            |       |     6 |     2 |     1 ||     9
       Scroll            |       |     6 |     7 |     2 ||    15
 Stab: Distracted        |       |     1 |       |       ||     1
Armor: Leather armour    |     4 |       |       |       ||     4
       Scale mail        |     3 |   150 |       |       ||   153
       Plate armour      |       |       |   171 |    43 ||   214
Dodge: Dodged            |     9 |   149 |    90 |    16 ||   264
Block: Buckler           |       |    44 |    49 |     9 ||   102

Table legend:
 A = Non-vault XP
 B = Vault XP
 C = Vault XP percentage of total XP
 D = Non-vault monster count
 E = Vault monster count
 F = Vault count percentage of total count
                 A         B        C        D         E       F
            +---------+---------+-------+---------+---------+-------
      Total |    7198 |    2600 |  26.5 |     160 |      24 |  13.0
            +---------+---------+-------+---------+---------+-------
        D:1 |      65 |       0 |   0.0 |      34 |       0 |   0.0
        D:2 |      95 |      38 |  28.6 |      14 |       2 |  12.5
        D:3 |      36 |       0 |   0.0 |      11 |       0 |   0.0
        D:4 |     303 |     191 |  38.7 |      17 |       1 |   5.6
        D:5 |     656 |     106 |  13.9 |      20 |      10 |  33.3
        D:6 |     749 |     264 |  26.1 |      11 |       1 |   8.3
        D:7 |    1102 |       0 |   0.0 |      14 |       0 |   0.0
        D:8 |     752 |     634 |  45.7 |      26 |       8 |  23.5
     Lair:1 |    2326 |       0 |   0.0 |       8 |       0 |   0.0
     Lair:2 |    1114 |    1367 |  55.1 |       5 |       2 |  28.6
            +---------+---------+-------+---------+---------+-------
